 Dungeon Crawl Stone Soup version 0.32-a0-900-g30fb1b0edc (webtiles) character file.

Game seed: 9925353306308862575

274 Fodor the Shield-Bearer (level 6, -3/53 HPs)
             Began as a Minotaur Fighter on Apr 5, 2024.
             Slain by a gnoll bouda
             ... wielding a +0 club
              (7 damage)
             ... on level 5 of the Dungeon.
             The game lasted 00:12:14 (2845 turns).

Fodor the Shield-Bearer (Minotaur Fighter)          Turns: 2845, Time: 00:12:14

Health: -3/53      AC:  9    Str: 22 (23) XL:     6   Next: 3%
Magic:  5/5        EV:  4    Int:  3 (5)  God:
Gold:   241        SH: 11    Dex:  7 (9)  Spells: 5/5 levels left

rFire   . . .        a - +0 war axe
rCold   . . .        i - +0 tower shield
rNeg    . . .        g - +0 chain mail
rPois   .            (helmet restricted)
rElec   .            (no cloak)
rCorr   .            (no gloves)
SInv    .            (no boots)
Will    +....        s - amulet of the acrobat Stlth
                     f - ring of willpower
HPRegen 0.28/turn    (no ring)
MPRegen 0.09/turn

%: acrobat
@: weakened, on berserk cooldown
A: horns 2, retaliatory headbutt
a: no special abilities


You were on level 5 of the Dungeon.
You visited 1 branch of the dungeon, and saw 5 of its levels.

You collected 241 gold pieces.

Inventory:

Hand Weapons
 a - a +0 war axe (weapon)
Armour
 g - a +0 chain mail (worn)
 i - a +0 tower shield (worn)
 o - +0 acid dragon scales
 t - a +0 plate armour
Jewellery
 f - a ring of willpower (left hand)
 s - an amulet of the acrobat (around neck)
 x - an amulet of guardian spirit
 A - the ring of Pubobijo {Str+3 Dex+6 Stlth+}
   (You found it on level 4 of the Dungeon)

   [ring of dexterity]

   Str+3:     It affects your strength (+3).
   Dex+6:     It affects your dexterity (+6).
   Stlth+:    It makes you more stealthy.
Wands
 p - a wand of mindburst (14)
Scrolls
 b - 4 scrolls of identify {unknown}
 h - 3 scrolls of immolation {unknown}
 j - a scroll of teleportation {unknown}
 l - 2 scrolls of enchant weapon {unknown}
 q - 2 scrolls of amnesia {unknown}
 v - 2 scrolls of fear {unknown}
 y - a scroll of fog {unknown}
Potions
 d - 2 potions of might
 e - a potion of ambrosia
 k - 2 potions of lignification
 m - 2 potions of attraction
 z - a potion of magic {unknown}


   Skills:
 + Level 4.5 Fighting
 + Level 4.7 Axes
 + Level 4.6 Armour
 + Level 0.3 Dodging
 + Level 5.6 Shields


You had 5 spell levels left.
You didn't know any spells.
Your spell library contained the following spells:

 Spells                   Type           Power      Damage    Failure   Level
 Sandblast                Erth           0%         2d4       100%        1
 Stone Arrow              Conj/Erth      0%         3d7       100%        3
 Brom's Barrelling Bould  Conj/Erth      0%         2d3       100%        4


Dungeon Overview and Level Annotations

Branches:
Dungeon (5/15)
 Temple: D:4-7

Altars:
Elyvilon
Hepliaklqana
Makhleb
Zin
The Shining One

Shops:
D:3 :


Innate Abilities, Weirdness & Mutations

You have a pair of horns on your head.
You reflexively headbutt those who attack you in melee.


Message History

You hit the gnoll.
The gnoll is heavily wounded.
You closely miss the gnoll bouda.
Your attacks no longer feel as feeble.
The gnoll bouda hits you with a +0 club.
* * * LOW HITPOINT WARNING * * *
You block the gnoll's attack. The gnoll hits you with a +0 spear.
* * * LOW HITPOINT WARNING * * *
You block the gnoll bouda's attack.
You hit the gnoll.
The gnoll is severely wounded.
You hit the gnoll bouda but do no damage.
You block the gnoll bouda's attack. The gnoll hits you but does no damage.
The gnoll bouda hits you with a +0 club.
* * * LOW HITPOINT WARNING * * *
You block the gnoll's attack.
You hit the gnoll. Your headbutt misses the gnoll.
The gnoll is almost dead.
You hit the gnoll bouda but do no damage.
The gnoll bouda utters an invocation to its god.
The gnoll bouda is healed somewhat.
The gnoll hits you but does no damage.
You barely miss the gnoll. You headbutt the gnoll.
You kill the gnoll!
You closely miss the gnoll bouda.
The gnoll bouda gazes fiercely through you!
You feel your attacks grow feeble.
The gnoll bouda hits you with a +0 club.
* * * LOW HITPOINT WARNING * * *
You block the gnoll bouda's attack.
You have reached level 6!
You barely miss the gnoll bouda.
The gnoll bouda is heavily wounded.
The gnoll bouda utters an invocation to its god.
The gnoll bouda is healed somewhat.
You hit the gnoll bouda. Your headbutt misses the gnoll bouda.
The gnoll bouda is heavily wounded.
The gnoll bouda gazes fiercely through you!
You feel as though you will be weak longer.
The gnoll bouda hits you with a +0 club!
You die...

............##.....
...##..............
.............####..
)............#
#............##
##..#..#......##
#.###.###.....###.#
... .. #.)).......
.. ... #..@).###
.......#
..########.....
.....# .....#
....## ...## ...#


You could see a gnoll bouda.

Vanquished Creatures
  A hound (D:5)
  A jelly (D:4)
  An orc wizard (D:3)
  Robin (D:3)
  4 gnolls (D:5)
  3 adders
  A white imp (D:5)
  2 dart slugs
  3 ribbon worms
  4 orcs (D:3)
  4 ball pythons
  5 bats
  6 endoplasms
  4 giant cockroaches
  9 goblins
  11 hobgoblins
  6 jackals
  A quokka (D:2)
  5 frilled lizards
  9 kobolds
  6 rats
87 creatures vanquished.

Notes
Turn   | Place    | Note
-------+----------+-------------------------------------------
     0 | D:1      | Fodor the Minotaur Fighter began the quest for the Orb.
     0 | D:1      | Reached XP level 1. HP: 19/19 MP: 0/0
   140 | D:1      | You fall into a shaft and drop 1 floor!
   161 | D:1      | Reached XP level 2. HP: 27/27 MP: 1/1
   318 | D:1      | Reached skill level 4 in Shields
   522 | D:2      | Found a hazy altar of Hepliaklqana.
   543 | D:2      | Reached XP level 3. HP: 30/33 MP: 2/2
   952 | D:2      | Reached XP level 4. HP: 40/40 MP: 3/3
  1319 | D:3      | Reached skill level 5 in Shields
  1387 | D:3      | Found Ukkaa's Book Shoppe.
  1682 | D:3      | Noticed Robin
  1702 | D:3      | Reached XP level 5. HP: 30/46 MP: 4/4
  1708 | D:3      | Killed Robin
  2048 | D:4      | Found a burning altar of Makhleb.
  2638 | D:4      | Found a glowing golden altar of the Shining One.
  2638 | D:4      | Found a glowing silver altar of Zin.
  2638 | D:4      | Found a white marble altar of Elyvilon.
  2676 | D:4      | Identified the ring of Pubobijo {Str+3 Dex+6 Stlth+}
  2774 | D:5      | Entered Level 5 of the Dungeon
  2843 | D:5      | HP: 2/47 [gnoll bouda/+0 club (4)]
  2844 | D:5      | Reached XP level 6. HP: 3/53 MP: 5/5
  2845 | D:5      | Slain by a gnoll bouda

Illustrated notes

Levels and vault maps discovered:
D:1:      eino_arrival_water_cross, layout_rooms, minmay_tromino_i2
D:2:      layout_basic, basic_altar, kennysheep_generic_room_5
D:3:      layout_basic, serial_shops, shop, serial_bayou_lagoon_b, uniq_robin
D:4:      layout_gridville, dreamdust_divine_triumvirate, lemuel_round_altar
D:5:      minmay_spotlight, layout_cave_pools, mainiacjoe_overflow_alcove_3,
          mainiacjoe_overflow_brackets, mainiacjoe_overflow_small_starburst,
          fedhas_altar_1, okawaru_gym_becter, serial_shops,
          nicolae_shop_rolling_square

Skill      XL: |  1  2  3  4 |
---------------+-------------+-----
Fighting       | 4 |  4.5
Armour         | 4 |  4.6
Shields        | 4 5 |  5.6
Axes           | 3 4 |  4.7
Dodging        | |  0.3

Action                     |  1- 3 |  4- 6 || total
---------------------------+-------+-------++-------
  Melee: War axe           |    95 |   106 ||   201
         Headbutt          |    10 |    21 ||    31
    Use: Potion            |       |     8 ||     8
 Armour: Chain mail        |    84 |   112 ||   196
         Scale mail        |     5 |       ||     5
         Skin              |       |    18 ||    18
  Dodge: Dodged            |    32 |    31 ||    63
  Block: Buckler           |    12 |       ||    12
         Tower shield      |    71 |   115 ||   186

Table legend: (Time is in decaauts)
 A = Elapsed time spent in this place.
 B = Non-inter-level travel time spent in this place.
 C = Inter-level travel time spent in this place.
 D = Time resting spent in this place.
 E = Time spent auto-exploring this place.
 F = Levels seen in this place.
 G = Mean time per level.
                   A        B        C        D        E       F      G
               +--------+--------+--------+--------+--------+-----+--------+
         Total |   2969 |   2951 |     18 |      0 |   1801 |   5 |  593.8 |
       Dungeon |   2969 |   2951 |     18 |      0 |   1801 |   5 |  593.8 |
               +--------+--------+--------+--------+--------+-----+--------+

Top non-repeatable levels by time:
     D:3: 961 daAuts
     D:4: 737 daAuts
     D:2: 710 daAuts
     D:1: 477 daAuts
     D:5: 82 daAuts
